 Dungeon Crawl Stone Soup version 0.20.1-1-g8b1a95d (webtiles) character file.

373 Irenicus the Slasher (level 6, -6/42 HPs)
             Began as an Octopode Chaos Knight on Oct 13, 2017.
             Mangled by Menkaure (22 damage)
             ... in an ossuary.
             The game lasted 00:08:07 (3695 turns).

Irenicus the Slasher (Octopode Chaos Knight)        Turns: 3695, Time: 00:08:08

Health: -6/42      AC:  1    Str: 11    XL:     6   Next: 72%
Magic:  6/6        EV: 15    Int: 15    God:    Xom [.....*]
Gold:   340        SH:  0    Dex: 13    Spells: 5/5 levels left

rFire    . . .     SeeInvis .   a - +0 falchion (chaos)
rCold    . . .     Gourm    .   (no shield)
rNeg     + . .     Faith    .   (helmet restricted)
rPois    .         Spirit   .   (no amulet)
rElec    .         Reflect  .   n - ring of wizardry
rCorr    +         Harm     .   p - ring of resist corrosion
MR       .....     Rnd*Rage +   r - ring of positive energy
Stlth    +++.......             (no ring)
Regen    0.2/turn               (no ring)
MPRegen  0.1/turn               (no ring)
                                (no ring)
                                (no ring)

@: no status effects
A: almost no armour, stealthy swim, amphibious, 8 rings, constrict 8, repulsion
field 1, camouflage 1, berserk 1, gelatinous body 1
a: Renounce Religion


You were in an ossuary.
You worshipped Xom.
You were Xom's teddy bear.
You were not hungry.

You visited 1 branch of the dungeon, and saw 5 of its levels.
You also visited: Ossuary.

You collected 340 gold pieces.

Inventory:

Hand Weapons
 a - a +0 falchion of chaos (weapon)
Armour
 t - a +1 shield of reflection
Jewellery
 n - a ring of wizardry (left tentacle)
 p - a ring of resist corrosion (right tentacle)
 r - a ring of positive energy (on tentacle)
Scrolls
 d - 2 scrolls of teleportation {unknown}
 f - a scroll of enchant armour {unknown}
 g - 3 scrolls of recharging {unknown}
 i - 4 scrolls of identify {unknown}
 j - a scroll of magic mapping {unknown}
 m - 2 scrolls of noise {unknown}
 q - a scroll of remove curse {unknown}
Potions
 e - 3 potions of flight
 k - a potion of mutation
 o - a potion of brilliance {unknown}
Comestibles
 b - 3 bread rations
 c - 4 meat rations
 h - 7 royal jellies


   Skills:
 - Level 3.0 Fighting
 + Level 7.2 Long Blades
 - Level 2.3 Dodging
 - Level 1.1 Stealth


You had 5 spell levels left.
You didn't know any spells.

Dungeon Overview and Level Annotations

Branches:
Dungeon (5/15)             Temple (0/1) D:4

Altars:
Fedhas
Nemelex Xobeh

Annotations:
Ossuary Menkaure


Innate Abilities, Weirdness & Mutations

You cannot wear most types of armour.
You are very stealthy in the water. (Stealth+)
You are amphibious.
You can wear up to eight rings at the same time.
You can use your tentacles to constrict eight enemies at once.
Your skin changes colour to match your surroundings (Stealth+).
Your rubbery body absorbs attacks. (AC +1, EV +1)
You are surrounded by a mild repulsion field. (EV +2)
You tend to lose your temper in combat.


Message History

Ouch! That really hurt!
* * * LOW HITPOINT WARNING * * *
Your crimson imp hits Menkaure.
Your shadow imp hits Menkaure but does no damage.
Your white imp hits Menkaure.
Your white imp freezes Menkaure.
Menkaure resists.
It was a potion of curing.
You feel better.
You constrict Menkaure, but do no damage.
Menkaure sighs drily.
Menkaure hits your crimson imp!
Your crimson imp dies!
Your shadow imp hits Menkaure but does no damage.
Your white imp gestures at Menkaure.
The puff of frost hits Menkaure.
Menkaure resists.
You completely miss Menkaure.
Menkaure is severely damaged.
You constrict Menkaure. Menkaure hits you!!
Ouch! That really hurt!
You die...
Xom snickers!

############################
#∩..........................
#...........................
#..#####'###'###'###'###'###
#..#...#...#...#...#...#...#
#..#.####'###'####'#######.#
#..'.#....#....#....#....'.#
#..###....#@...#....#....###
#..#.#....#M...#....#....#.'
#..#.#....#55..#....#....#.#
#..'.#######'#############.#
#..###....#..M...... ###
#..#.'....#......... #.'
#..#.#....#...?M?... #.#
#..'.#....#..??$M?.. +.#
#..########..?MM$!.. ###


You could see Menkaure, a mummy, a friendly white imp and a friendly shadow imp.

Vanquished Creatures
  2 centaur zombies (Ossuary)
  Crazy Yiuf (D:3)
  An ogre zombie (Ossuary)
  3 mummies (Ossuary)
  2 adders (D:2)
  A river rat (D:2)
  An ooze (D:1)
  2 adder zombies (Ossuary)
  4 dart slugs
  3 leopard geckos
  6 orcs
  6 bats
  8 giant cockroaches
  A gnoll zombie (Ossuary)
  11 goblins
  10 hobgoblins
  2 jackals (D:3)
  A quokka (D:4)
  A ball python (D:2)
  7 frilled lizards
  2 goblin zombies (Ossuary)
  2 hobgoblin zombies (Ossuary)
  5 kobolds
  5 kobold zombies (Ossuary)
  An orc zombie (Ossuary)
  6 quokka zombies (Ossuary)
  10 rats
  6 rat zombies (Ossuary)
110 creatures vanquished.

Vanquished Creatures (collateral kills)
  A crimson imp (D:4)
  An orc priest (D:4)
  An iguana (D:4)
  A mummy (Ossuary)
4 creatures vanquished.

Grand Total: 114 creatures vanquished

Notes
Turn   | Place    | Note
-------+----------+-------------------------------------------
     0 | D:1      | Irenicus the Octopode Chaos Knight began the quest for the Orb.
     0 | D:1      | Reached XP level 1. HP: 16/16 MP: 1/1
   109 | D:1      | Reached XP level 2. HP: 8/21 MP: 2/2
   134 | D:1      | XOM: potion effect (invisibility)
   135 | D:1      | XOM: silly message
   158 | D:1      | XOM: harmless Erth miscast
   184 | D:1      | Reached skill level 4 in Long Blades
   184 | D:1      | Reached XP level 3. HP: 13/26 MP: 3/3
   275 | D:1      | Reached skill level 1 in Stealth
   563 | D:1      | XOM: mild Erth miscast
   746 | D:2      | Found a blossoming altar of Fedhas.
   882 | D:2      | Reached XP level 4. HP: 4/31 MP: 4/4
   894 | D:2      | XOM: smoke on damage
   908 | D:2      | XOM: harmless Summ miscast
  1094 | D:2      | Reached skill level 5 in Long Blades
  1392 | D:2      | XOM: medium Necr miscast
  1950 | D:3      | Found a sparkling altar of Nemelex Xobeh.
  1981 | D:3      | XOM: god gift: 16 gold pieces
  2009 | D:3      | XOM: blink monster(s)
  2152 | D:3      | Reached XP level 5. HP: 36/36 MP: 5/5
  2241 | D:3      | Found a runed door.
  2388 | D:3      | Noticed Crazy Yiuf
  2394 | D:3      | Killed Crazy Yiuf
  2515 | D:4      | XOM: summons friendly sun demon
  2617 | D:4      | Reached skill level 6 in Long Blades
  2727 | D:4      | Found a staircase to the Ecumenical Temple.
  2946 | D:4      | XOM: god gift: runed shield {god gift}
  3090 | D:5      | Entered Level 5 of the Dungeon
  3094 | D:5      | Found a sand-covered staircase.
  3100 | Ossuary  | Entered an ossuary
  3131 | Ossuary  | Reached XP level 6. HP: 37/42 MP: 6/6
  3169 | Ossuary  | XOM: 2-stop teleportation journey
  3201 | Ossuary  | XOM: cloud trail
  3220 | Ossuary  | XOM: butterfly on damage
  3288 | Ossuary  | XOM: 1-stop teleportation journey
  3358 | Ossuary  | XOM: 3-stop teleportation journey
  3401 | Ossuary  | Reached skill level 7 in Long Blades
  3671 | Ossuary  | Noticed Menkaure
  3682 | Ossuary  | Gained mutation: You tend to lose your temper in combat. [potion of mutation]
  3682 | Ossuary  | Gained mutation: You are surrounded by a mild repulsion field. (EV +2) [potion of mutation]
  3684 | Ossuary  | XOM: summons 6 friendly demons
  3695 | Ossuary  | Mangled by Menkaure

Skill      XL: |  1  2  3  4  5  6 |
---------------+-------------------+-----
Long Blades    | 4 5 6 7 |  7.2
Stealth        | 1 |  1.1
Fighting       | |  3.0
Dodging        | |  2.3

Action                   |  1- 3 |  4- 6 || total
-------------------------+-------+-------++-------
Melee: Falchion          |    61 |   157 ||   218
       Constrict         |    17 |    56 ||    73
       Tentacles         |    11 |    38 ||    49
  Use: Potion            |     1 |     3 ||     4
 Stab: Sleeping          |     9 |    13 ||    22
       Paralysed         |       |     1 ||     1
  Eat: Chunk             |       |     7 ||     7
       Bread ration      |       |     1 ||     1
Armor: Skin              |     6 |     6 ||    12
Dodge: Dodged            |    40 |    87 ||   127
       Rpst.: Falchion   |    11 |    25 ||    36
